 Dungeon Crawl Stone Soup version 0.29-a0-284-gf9362112df (webtiles) character file.

Game seed: 6765534716609113073

22 freelancePsychic the Digger (level 2, -1/28 HPs)
             Began as a Demonspawn Earth Elementalist on Mar 14, 2022.
             Slain by an adder (3 damage)
             ... on level 2 of the Dungeon.
             The game lasted 00:03:19 (1201 turns).

freelancePsychic the Digger (DsEE)                  Turns: 1201, Time: 00:03:19

Health: -1/28      AC: 21    Str:  8    XL:     2   Next: 68%
Magic:  1/5        EV:  2    Int: 16    God:
Gold:   70         SH:  0    Dex: 13    Spells: 4/5 levels left

rFire   . . .      SeeInvis .   j - +4 spear
rCold   . . .      Faith    .   (no shield)
rNeg    . . .      Spirit   .   (body armour currently unavailable)
rPois   +          Reflect  .   (helmet currently unavailable)
rElec   .          Harm     .   (cloak currently unavailable)
rCorr   .          Rampage  .   (gloves currently unavailable)
Will    .....      NoTele   +   (boots currently unavailable)
Stlth   ++........              (no amulet)
HPRegen 0.09/turn               (no ring)
MPRegen 0.09/turn               (no ring)

@: lethally poisoned (-1 -> -3), tree-form
A: stationary, stasis, torment immunity, boosted hp, (claws 1)
a: no special abilities


You were on level 2 of the Dungeon.
You were a tree.
You visited 1 branch of the dungeon, and saw 2 of its levels.

You collected 70 gold pieces.

Inventory:

Hand Weapons
 g - a +0 dagger
 j - a +4 spear (weapon)
Missiles
 a - 50 stones
Armour
 b - a +0 robe (melded)
Scrolls
 f - 3 scrolls of identify {unknown}
Potions
 c - a potion of magic
 d - a potion of cancellation
 e - a potion of heal wounds {unknown}
 h - a potion of flight {unknown}
 i - a potion of lignification
 k - a potion of might {unknown}


   Skills:
 - Level 1.7 Dodging
 - Level 1.7 Stealth
 + Level 2.4 Spellcasting
 + Level 1.2 Conjurations
 - Level 0.8 Transmutations
 + Level 3.0 Earth Magic


You had 4 spell levels left.
You knew the following spells:

 Your Spells              Type           Power      Damage    Failure   Level
a - Sandblast             Erth           22%        2d7       6%          1

Your spell library contained the following spells:

 Spells                   Type           Power      Damage    Failure   Level
 Passwall                 Tmut/Erth      6%         N/A       14%         2
 Stone Arrow              Conj/Erth      16%        3d8       24%         3
 Blink                    Tloc           2%         N/A       30%         2
 Lesser Beckoning         Tloc           1%         N/A       52%         3
 Petrify                  Tmut/Erth      8%         N/A       65%         4
 Manifold Assault         Tloc           1%         N/A       99%         5


Dungeon Overview and Level Annotations

Branches:
Dungeon (2/15)

Altars:

Shops:
D:1 ([::


Innate Abilities, Weirdness & Mutations

You are a tree.
Your roots penetrate the ground, keeping you stationary.
You cannot be teleported.
You are immune to unholy pain and torment.
Your maximum health is greatly increased.
Your equipment is partially melded.
((You have sharp fingernails.))


Message History

Confirm with . or Enter, or press ? or * to list all spells.
Aiming: Sandblast (safe; 6% risk of failure)
Press: ? - help, Shift-Dir - straight line, f/p - adder
Aim: an adder (heavily wounded, 66% to hit)
The blast of sand misses the adder.
The adder bites you but does no damage. The adder bites you.
You are poisoned.
The adder poisons you! The hobgoblin barely misses you.
Casting: Sandblast (safe; 6% risk of failure)
Confirm with . or Enter, or press ? or * to list all spells.
Aiming: Sandblast (safe; 6% risk of failure)
Press: ? - help, Shift-Dir - straight line, f/p - adder
Aim: an adder (heavily wounded, 66% to hit)
The blast of sand misses the adder.
You feel sick. The adder misses you. The adder closely misses you.
The hobgoblin hits you but does no damage.
The adder barely misses you. The adder bites you.
Casting: Sandblast (safe; 6% risk of failure)
Confirm with . or Enter, or press ? or * to list all spells.
Aiming: Sandblast (safe; 6% risk of failure)
Press: ? - help, Shift-Dir - straight line, f/p - adder
Aim: an adder (heavily wounded, 66% to hit)
The blast of sand hits the adder.
The adder is almost dead.
You feel sick. The hobgoblin closely misses you.
The adder bites you but does no damage. The adder bites you.
* * * LOW HITPOINT WARNING * * *
It was a potion of cancellation.
You feel magically purged.
* * * LOW HITPOINT WARNING * * *
You feel sick. The adder barely misses you. The hobgoblin barely misses you.
The adder bites you.
* * * LOW HITPOINT WARNING * * *
It was a potion of lignification.
You turn into a tree.
Your +0 robe melds into your body.
Your roots penetrate the ground.
* * * LOW HITPOINT WARNING * * *
You feel sick. The adder bites you but does no damage.
The adder barely misses you.
The hobgoblin hits you but does no damage.
The adder bites you but does no damage. The adder bites you.
You die...

.. . #..... ...#
#......
...####.......
#...##........
.#####.#.#.........
.........#.........
#.......#.......♣
#.......'S......?♣
#.......♣g......?♣
#.......#S......♣.
#.......#.........
###.......#.........
..........##........
###........##.......
#.........##.....
#####.#######...
#.......##


You could see 2 adders and a hobgoblin.

Vanquished Creatures
  A dart slug (D:1)
  4 bats
  4 endoplasms
  3 hobgoblins (D:1)
  A ball python (D:1)
  2 goblins (D:1)
  4 rats (D:1)
19 creatures vanquished.

Notes
Turn   | Place    | Note
-------+----------+-------------------------------------------
     0 | D:1      | freelancePsychic the Demonspawn Earth Elementalist began
                  | the quest for the Orb.
     0 | D:1      | Reached XP level 1. HP: 13/13 MP: 3/3
    63 | D:1      | You fall into a shaft and drop 1 floor!
   297 | D:1      | Found Nuliakount's Antique Weapon Shoppe.
   434 | D:1      | Found Tuquaromna's Book Shoppe.
   459 | D:1      | Gained mutation: You have sharp fingernails. [demonic
                  | ancestry]
   459 | D:1      | Reached XP level 2. HP: 18/19 MP: 3/5
   466 | D:1      | Reached skill level 1 in Conjurations
   525 | D:1      | Found Garghaili's Antique Armour Emporium.
   637 | D:1      | Found Zaylyboz's Book Boutique.
   653 | D:1      | Reached skill level 3 in Earth Magic
  1201 | D:2      | Slain by an adder

Illustrated notes

Levels and vault maps discovered:
D:1:      dpeg_arrival_solitude, layout_loops_cross, serial_shops,
          nicolae_shop_behind_doors, shop_fountains,
          nicolae_shop_window_shopping, shop
D:2:      kennysheep_big_flooded_room, layout_rooms,
          hellmonk_ecumenical_altar_crossroads

Skill      XL: |  1  2 |
---------------+-------+-----
Conjurations   | 1 |  1.2
Earth Magic    | 3 |  3.0
Dodging        | |  1.7
Stealth        | |  1.7
Spellcasting   | |  2.4
Transmutations | |  0.8

Action                   || total
-------------------------++-------
Melee: Unarmed           ||    11
       Dagger            ||    20
       Spear             ||    12
 Cast: Sandblast         ||    19
  Use: Potion            ||     2
 Stab: Sleeping          ||     1
Armor: Robe              ||    11
       Skin              ||     3
Dodge: Dodged            ||    47

Table legend: (Time is in decaauts)
 A = Elapsed time spent in this place.
 B = Non-inter-level travel time spent in this place.
 C = Inter-level travel time spent in this place.
 D = Time resting spent in this place.
 E = Time spent auto-exploring this place.
 F = Levels seen in this place.
 G = Mean time per level.
                   A        B        C        D        E       F      G
               +--------+--------+--------+--------+--------+-----+--------+
         Total |   1201 |   1150 |     51 |     31 |    953 |   2 |  600.5 |
       Dungeon |   1201 |   1150 |     51 |     31 |    953 |   2 |  600.5 |
               +--------+--------+--------+--------+--------+-----+--------+

Top non-repeatable levels by time:
     D:1: 1066 daAuts
     D:2: 135 daAuts
